Avalanche vs Blues
(R3)
Created - May 18, 2018 at 20:15
Goals
|
| Avalanche |
1 |
3 |
0 |
4 |
| Blues |
3 |
3 |
1 |
7 |
|
Shots
|
| Avalanche |
6 |
18 |
9 |
33 |
| Blues |
8 |
19 |
13 |
40 |
|
1st period
1. Blues , Jake Gardiner 4 (Alex Pietrangelo 14) at 3:15
2. Avalanche , Brandon Yip 1 (Dan Boyle 6, Johnny Boychuk 2) at 5:14
3. Blues , Jake Gardiner 5 (Travis Zajac 4, Ray Emery) at 17:30 (PP)
4. Blues , Victor Hedman 1 (Travis Zajac 5, Milan Michalek 7) at 18:22 (PP)
Penalties :
Brandon Yip (Col) for Holding (Minor) at 0:43, Andrei Kostitsyn (Col) for Elbowing (Minor) at 9:47, Milan Michalek (STL) for Hooking (Minor) at 14:51, Mike Comrie (Col) for Hooking (Minor) at 17:00, Alexander Radulov (Col) for High sticking (Minor) at 17:51
2nd period
5. Blues , Jason Pominville 7 (David Perron 5, Nicklas Backstrom 9) at 0:11
6. Avalanche , Chris Drury 9 (Andrew Ladd 7, Alexander Radulov 10) at 1:07
7. Blues , Christian Ehrhoff 1 (David Perron 6, Travis Zajac 6) at 6:40
8. Avalanche , Brandon Yip 2 (Andrei Kostitsyn 4, Paul Stastny 8) at 7:36
9. Avalanche , Dan Boyle 1 (Bryan Little 12, Corey Perry 6) at 7:50 (PP)
10. Blues , David Perron 2 (Nicklas Backstrom 10, Jason Pominville 9) at 17:56 (PP)
Penalties :
Milan Michalek (STL) for Hooking (Minor) at 2:39, Sergei Shirokov (STL) for Hooking (Minor) at 7:43, Marc Staal (Col) for Boarding (Minor) at 8:14, Milan Michalek (STL) for Holding (Minor) at 9:23, Travis Zajac (STL) for Hooking (Minor) at 10:35, Jay Bouwmeester (Col) for Cross-checking (Minor) at 17:30, Bryan Little (Col) for Hooking (Minor) at 19:18
3rd period
11. Blues , Alex Pietrangelo 3 (Nicklas Backstrom 11) at 1:07 (PP)
Penalties :
Jay Bouwmeester (Col) for Holding (Minor) at 1:45, Milan Michalek (STL) for Roughing (Minor) at 10:52
Goalie Stats
Semyon Varlamov (Col), 5 saves from 9 shots - (0.556), 20:11 minutes
Hannu Toivonen (Col), 28 saves from 31 shots - (0.903), L, 0-1-0, 39:49 minutes
Ray Emery (STL), 29 saves from 33 shots - (0.879), W, 1-1-0, 60:00 minutes
Players Stats for Avalanche
Player Name G A P +/- PIM S H SB GA TA FO MP PP MP PK MP
------------------------------------------------------------------------------------
Alexander Radulov 0 1 1 0 2 4 1 1 1 0 1/1 12:58 3:44 0:00
Andrei Kostitsyn 0 1 1 0 2 3 2 0 1 0 0/0 17:53 3:51 0:37
Andrew Ladd 0 1 1 0 0 3 0 0 0 0 1/2 10:55 0:00 1:29
Brandon Yip 2 0 2 0 2 4 0 0 0 1 0/0 13:09 0:19 0:00
Bryan Little 0 1 1 0 2 0 0 0 0 0 8/17 16:58 4:15 0:00
Chris Drury 1 0 1 0 0 2 1 0 0 1 10/14 12:51 0:19 3:09
Chuck Kobasew 0 0 0 0 0 0 0 1 0 1 0/0 12:26 0:00 6:34
Corey Perry 0 1 1 0 0 0 3 0 0 0 0/0 16:59 4:15 0:00
Dan Boyle 1 1 2 1 0 3 1 0 0 0 0/0 17:42 4:57 0:15
Jack Johnson 0 0 0 -1 0 2 1 3 2 1 0/0 23:09 3:35 4:09
Jay Bouwmeester 0 0 0 0 4 3 1 1 1 2 0/0 18:28 4:50 0:00
Johnny Boychuk 0 1 1 2 0 1 4 2 0 1 0/0 16:08 0:00 4:59
Marc Staal 0 0 0 -1 2 4 0 6 0 0 0/0 19:40 0:07 5:08
Mike Comrie 0 0 0 0 2 0 0 3 1 0 6/16 12:33 0:19 5:56
Mikkel Boedker 0 0 0 0 0 0 2 0 2 0 1/2 16:32 4:22 0:00
Paul Stastny 0 1 1 0 0 2 2 0 0 0 11/20 16:27 3:44 0:00
Pernell Karl Subban 0 0 0 -1 0 2 4 1 0 1 0/0 25:01 3:28 6:13
Ryan Smyth 0 0 0 0 0 0 0 0 1 0 0/0 8:51 0:00 2:59
Players Stats for Blues
Player Name G A P +/- PIM S H SB GA TA FO MP PP MP PK MP
------------------------------------------------------------------------------------
Alex Pietrangelo 1 1 2 1 0 7 2 1 1 0 0/0 29:18 7:27 4:32
B.J. Crombeen 0 0 0 0 0 1 1 0 1 1 0/1 13:57 4:00 0:00
Bryce Lampman 0 0 0 0 0 0 2 2 1 2 0/0 24:56 2:55 5:02
Christian Ehrhoff 1 0 1 0 0 2 0 1 0 0 0/0 10:52 0:00 0:00
David Perron 1 2 3 0 0 5 1 0 1 0 0/1 21:23 6:22 0:07
Derek Boogaard 0 0 0 1 0 1 0 0 0 0 0/0 7:58 0:00 0:45
Jake Gardiner 2 0 2 0 0 6 0 2 1 1 0/0 23:20 7:27 2:42
Jason Pominville 1 1 2 -1 0 4 0 0 0 2 0/2 23:43 6:19 1:56
Linus Omark 0 0 0 0 0 1 1 0 0 0 1/1 7:44 0:00 0:00
Logan Couture 0 0 0 0 0 2 0 3 1 0 4/11 12:06 0:00 2:55
Milan Michalek 0 1 1 -1 8 0 1 1 0 0 0/0 14:46 3:59 0:10
Nicklas Backstrom 0 3 3 -1 0 6 1 2 0 0 20/36 22:51 6:22 2:13
Patrick Kaleta 0 0 0 1 0 2 3 0 0 0 0/0 12:12 0:00 4:20
Sergei Shirokov 0 0 0 0 2 0 0 0 0 0 0/0 7:46 0:03 0:00
Tomas Plekanec 0 0 0 1 0 1 0 0 0 1 0/2 7:12 0:00 0:00
Travis Zajac 0 3 3 0 2 0 4 1 1 1 9/18 18:14 4:00 3:36
Victor Hedman 1 0 1 -1 0 1 0 1 0 0 0/0 15:21 2:55 0:48
Yann Sauvé 0 0 0 0 0 1 1 0 1 1 0/0 16:13 0:00 3:46
3 Stars
1 - David Perron (STL)
2 - Jake Gardiner (STL)
3 - Alex Pietrangelo (STL)
Power Play
Avalanche - 1 on 6 Attempt(s) - 16.67%
Blues - 4 on 8 Attempt(s) - 50.00%
Penalty Kill
Avalanche - 4 on 8 Attempt(s) - 50.00%
- Score 0 goal in Penalty Kill
Blues - 5 on 6 Attempt(s) - 83.33%
- Score 0 goal in Penalty Kill
Team Stat
Avalanche - Hits : 22 - Faceoff Wins : 38 - Blocked Shots : 18 - Penalty Minutes : 16
Blues - Hits : 17 - Faceoff Wins : 34 - Blocked Shots : 14 - Penalty Minutes : 12
Official
Referees : Hebert Ghislain and Walkom Stephen
Linesman : Darren Gibbs and Ryan Galloway
Game Notes
18:22 of 1st period - Blues goal is going for a video replay. After video review, Goal.
Hannu Toivonen enters game at 0:11 of 2nd period
Finance
Level 1 -- Attendance: 6000 (100.00%) -- Ticket Income $534,000
Level 2 -- Attendance: 5000 (100.00%) -- Ticket Income $285,000
Level 3 -- Attendance: 2000 (100.00%) -- Ticket Income $70,000
Level 4 -- Attendance: 4000 (100.00%) -- Ticket Income $96,000
Luxury Box -- Attendance: 1000 (100.00%) -- Ticket Income $174,000
Game was played at the Scotttrade center.
Total Attendance: 18000 (100.00%)
Total Ticket Income: $1,159,000
Other Income: $173,850
Total Income: $1,332,850
Avalanche
5 vs 5 Forward
Center Left Wing Right Wing Time % Phy DF OF
1 Bryan Little Mikkel Boedker Corey Perry 30 0 2 2
2 Paul Stastny Andrei Kostitsyn Brandon Yip 30 1 2 2
3 Chris Drury Andrew Ladd Alexander Radulov 25 1 2 2
4 Mike Comrie Ryan Smyth Chuck Kobasew 15 1 2 2
5 vs 5 Defense
Defense Defense Time % Phy DF OF
1 Jack Johnson Marc Staal 35 1 2 2
2 Pernell Karl Subban Jay Bouwmeester 35 1 2 2
3 Dan Boyle Johnny Boychuk 30 1 2 2
4 Jack Johnson Marc Staal 0 1 2 2
PowerPlay Forward
Center Left Wing Right Wing Time % Phy DF OF
1 Bryan Little Mikkel Boedker Corey Perry 60 1 2 2
2 Paul Stastny Andrei Kostitsyn Alexander Radulov 40 1 2 2
PowerPlay Defense
Defense Defense Time % Phy DF OF
1 Dan Boyle Jay Bouwmeester 60 1 2 2
2 Pernell Karl Subban Jack Johnson 40 1 2 2
Penalty Kill 4 Players Forward
Center Wing Time % Phy DF OF
1 Mike Comrie Chuck Kobasew 60 1 2 2
2 Chris Drury Ryan Smyth 40 1 2 2
Penalty Kill 4 Players Defense
Defense Defense Time % Phy DF OF
1 Pernell Karl Subban Marc Staal 60 1 2 2
2 Jack Johnson Johnny Boychuk 40 1 2 2
Penalty Kill - 3 Players Forward
Forward Time % Phy DF OF
1 Chuck Kobasew 60 1 2 2
2 Ryan Smyth 40 1 2 2
Penalty Kill - 3 Players Defense
Defense Defense Time % Phy DF OF
1 Jack Johnson Marc Staal 60 1 2 2
2 Pernell Karl Subban Johnny Boychuk 40 1 2 2
4 vs 4 Forward
Center Wing Time % Phy DF OF
1 Bryan Little Corey Perry 60 1 2 2
2 Mikkel Boedker Andrei Kostitsyn 40 1 2 2
4 vs 4 Defense
Defense Defense Time % Phy DF OF
1 Jack Johnson Marc Staal 60 1 2 2
2 Pernell Karl Subban Jay Bouwmeester 40 1 2 2
Last Minutes Offensive
Center Left Wing Right Wing Defense Defense
Bryan Little Mikkel Boedker Corey Perry Jack Johnson Dan Boyle
Last Minutes Defensive
Center Left Wing Right Wing Defense Defense
Chris Drury Andrew Ladd Chuck Kobasew Jack Johnson Marc Staal
Goaltenders
Starting : Semyon Varlamov
Backup : Hannu Toivonen
Extra Forwards
Normal : Andrei Kostitsyn, Alexander Radulov, Chris Drury - PP : Mike Comrie, Chris Drury - PK : Andrew Ladd
Extra Defensemen
Normal : Dan Boyle, Johnny Boychuk, Pernell Karl Subban - PP : Dan Boyle - PK : Johnny Boychuk, Pernell Karl Subban
Penalty Shots
Bryan Little, Corey Perry, Mikkel Boedker, Andrei Kostitsyn, Paul Stastny
Scratches
Kyle Turris (Healthy)
Blues
5 vs 5 Forward
Center Left Wing Right Wing Time % Phy DF OF
1 Nicklas Backstrom David Perron Jason Pominville 40 1 2 2
2 Travis Zajac Milan Michalek B.J. Crombeen 30 1 2 2
3 Logan Couture Linus Omark Sergei Shirokov 20 1 2 2
4 Tomas Plekanec Derek Boogaard Patrick Kaleta 10 1 2 2
5 vs 5 Defense
Defense Defense Time % Phy DF OF
1 Alex Pietrangelo Bryce Lampman 40 1 2 2
2 Jake Gardiner Victor Hedman 30 1 2 2
3 Christian Ehrhoff Yann Sauvé 20 1 2 2
4 Jake Gardiner Yann Sauvé 10 1 2 2
PowerPlay Forward
Center Left Wing Right Wing Time % Phy DF OF
1 Nicklas Backstrom David Perron Jason Pominville 60 1 2 2
2 Travis Zajac Milan Michalek B.J. Crombeen 40 1 2 2
PowerPlay Defense
Defense Defense Time % Phy DF OF
1 Jake Gardiner Alex Pietrangelo 60 1 2 2
2 Victor Hedman Bryce Lampman 40 1 2 2
Penalty Kill 4 Players Forward
Center Wing Time % Phy DF OF
1 Travis Zajac Patrick Kaleta 60 1 2 2
2 Logan Couture Jason Pominville 40 1 2 2
Penalty Kill 4 Players Defense
Defense Defense Time % Phy DF OF
1 Alex Pietrangelo Bryce Lampman 60 1 2 2
2 Yann Sauvé Jake Gardiner 40 1 2 2
Penalty Kill - 3 Players Forward
Forward Time % Phy DF OF
1 Travis Zajac 60 1 2 2
2 Tomas Plekanec 40 1 2 2
Penalty Kill - 3 Players Defense
Defense Defense Time % Phy DF OF
1 Bryce Lampman Yann Sauvé 60 1 2 2
2 Alex Pietrangelo Jake Gardiner 40 1 2 2
4 vs 4 Forward
Center Wing Time % Phy DF OF
1 Travis Zajac Milan Michalek 60 1 2 2
2 Nicklas Backstrom David Perron 40 1 2 2
4 vs 4 Defense
Defense Defense Time % Phy DF OF
1 Victor Hedman Alex Pietrangelo 60 1 2 2
2 Bryce Lampman Jake Gardiner 40 1 2 2
Last Minutes Offensive
Center Left Wing Right Wing Defense Defense
Nicklas Backstrom David Perron Jason Pominville Jake Gardiner Alex Pietrangelo
Last Minutes Defensive
Center Left Wing Right Wing Defense Defense
Travis Zajac David Perron Patrick Kaleta Bryce Lampman Yann Sauvé
Goaltenders
Starting : Ray Emery
Backup : Carey Price
Extra Forwards
Normal : Patrick Kaleta, Logan Couture, David Perron - PP : Sergei Shirokov, Tomas Plekanec - PK : Nicklas Backstrom
Extra Defensemen
Normal : Jake Gardiner, Yann Sauvé, Victor Hedman - PP : Christian Ehrhoff - PK : Alex Pietrangelo, Victor Hedman
Penalty Shots
David Perron, Logan Couture, Nicklas Backstrom, Sergei Shirokov, Travis Zajac
Scratches
Marcel Hossa (Healthy), Rickard Wallin (Healthy)
% Time on Ice - Avalanche
Lines # - Real PCT - Wanted PCT - Time Play
Normal Forward
1 - 31% - 30% - 12:33
2 - 32% - 30% - 12:47
3 - 23% - 25% - 9:15
4 - 14% - 15% - 5:48
Normal Defense
1 - 38% - 35% - 15:19
2 - 34% - 35% - 13:46
3 - 28% - 30% - 11:14
4 - 0% - 0% - 0:04
PP Forward
1 - 54% - 60% - 4:31
2 - 46% - 40% - 3:54
PP Defense
1 - 59% - 60% - 4:57
2 - 41% - 40% - 3:28
PK Forward
1 - 71% - 60% - 7:23
2 - 29% - 40% - 2:59
PK Defense
1 - 60% - 60% - 6:13
2 - 40% - 40% - 4:09
PK3 Forward
1 - 0% - 60%
2 - 0% - 40%
PK3 Defense
1 - 0% - 60%
2 - 0% - 40%
44 Forward
1 - 84% - 60% - 0:42
2 - 16% - 40% - 0:08
44 Defense
1 - 100% - 60% - 0:50
2 - 0% - 40% - 0:00
Last Minute Offensive - 0:00
Last Minute Defensive - 0:00
Total
Forward - 60:00
Defense - 60:00
|
% Time on Ice - Blues
Lines # - Real PCT - Wanted PCT - Time Play
Normal Forward
1 - 35% - 40% - 14:17
2 - 28% - 30% - 11:10
3 - 19% - 20% - 7:44
4 - 18% - 10% - 7:12
Normal Defense
1 - 42% - 40% - 16:49
2 - 29% - 30% - 11:49
3 - 27% - 20% - 10:52
4 - 2% - 10% - 0:53
PP Forward
1 - 61% - 60% - 6:22
2 - 39% - 40% - 4:00
PP Defense
1 - 72% - 60% - 7:27
2 - 28% - 40% - 2:55
PK Forward
1 - 75% - 60% - 5:42
2 - 25% - 40% - 1:56
PK Defense
1 - 65% - 60% - 4:56
2 - 35% - 40% - 2:42
PK3 Forward
1 - 100% - 60% - 0:47
2 - 0% - 40% - 0:00
PK3 Defense
1 - 100% - 60% - 0:47
2 - 0% - 40% - 0:00
44 Forward
1 - 100% - 60% - 0:50
2 - 0% - 40% - 0:00
44 Defense
1 - 60% - 60% - 0:30
2 - 40% - 40% - 0:20
Last Minute Offensive - 0:00
Last Minute Defensive - 0:00
Total
Forward - 60:00
Defense - 60:00
|
Play by Play
1st period
0:01 of 1st period - Bryan Little wins face-off versus Jason Pominville in neutral zone.
0:43 of 1st period - Minor Penalty to Brandon Yip for Holding.
0:44 of 1st period - Nicklas Backstrom wins face-off versus Mike Comrie in Avalanche zone.
1:46 of 1st period - B.J. Crombeen is hit by Johnny Boychuk.
2:04 of 1st period - Jake Gardiner is hit by Pernell Karl Subban and loses puck.
2:17 of 1st period - David Perron is hit by Johnny Boychuk.
2:43 of 1st period - Penalty to Brandon Yip is over, Brandon Yip is back on ice.
2:52 of 1st period - Slapshot by Corey Perry.
2:52 of 1st period - Shot Misses the Net.
3:05 of 1st period - Linus Omark is hit by Corey Perry.
3:15 of 1st period - Slapshot by Jake Gardiner.
3:15 of 1st period - Deflect By Pernell Karl Subban.
3:15 of 1st period - Goal by Jake Gardiner - Avalanche : 0 - Blues : 1.
3:16 of 1st period - Chris Drury wins face-off versus Nicklas Backstrom in neutral zone.
4:04 of 1st period - Mike Comrie is hit by Linus Omark and loses puck.
4:13 of 1st period - Snap shot by Mike Comrie.
4:13 of 1st period - Shot Blocked by Jake Gardiner.
4:35 of 1st period - Wrist shot by Nicklas Backstrom.
4:35 of 1st period - Stopped by Semyon Varlamov with a rebound.
5:14 of 1st period - Slapshot by Brandon Yip.
5:14 of 1st period - Goal by Brandon Yip - Avalanche : 1 - Blues : 1.
5:15 of 1st period - Nicklas Backstrom wins face-off versus Chris Drury in neutral zone.
5:26 of 1st period - Snap shot by Jay Bouwmeester.
5:26 of 1st period - Stopped by Ray Emery with a rebound.
5:28 of 1st period - Snap shot by Andrew Ladd.
5:28 of 1st period - Stopped by Ray Emery without a rebound.
5:29 of 1st period - Paul Stastny wins face-off versus Nicklas Backstrom in Blues zone.
5:34 of 1st period - Wrist shot by Brandon Yip.
5:34 of 1st period - Shot Hit the Post.
5:36 of 1st period - Backhand shot by Brandon Yip.
5:36 of 1st period - Stopped by Ray Emery with a rebound.
5:56 of 1st period - Mikkel Boedker is hit by Alex Pietrangelo and loses puck.
6:05 of 1st period - Backhand shot by Bryan Little.
6:05 of 1st period - Shot Misses the Net.
6:40 of 1st period - Wrist shot by Tomas Plekanec.
6:40 of 1st period - Shot Blocked by Pernell Karl Subban.
7:19 of 1st period - Wrist shot by Patrick Kaleta.
7:19 of 1st period - Stopped by Semyon Varlamov with a rebound.
7:21 of 1st period - Backhand shot by Tomas Plekanec.
7:21 of 1st period - Shot Misses the Net.
7:25 of 1st period - Wrist shot by Patrick Kaleta.
7:25 of 1st period - Shot Misses the Net.
8:09 of 1st period - Slapshot by Tomas Plekanec.
8:09 of 1st period - Shot Misses the Net.
8:11 of 1st period - Snap shot by Patrick Kaleta.
8:11 of 1st period - Shot Misses the Net.
8:43 of 1st period - Slapshot by Patrick Kaleta.
8:43 of 1st period - Stopped by Semyon Varlamov without a rebound.
8:44 of 1st period - Paul Stastny wins face-off versus David Perron in Avalanche zone.
9:19 of 1st period - Pernell Karl Subban is hit by Travis Zajac and loses puck.
9:31 of 1st period - Icing by Bryce Lampman.
9:32 of 1st period - Linus Omark wins face-off versus Mike Comrie in Blues zone.
9:40 of 1st period - Off-side.
9:41 of 1st period - Nicklas Backstrom wins face-off versus Paul Stastny in neutral zone.
9:47 of 1st period - Minor Penalty to Andrei Kostitsyn for Elbowing.
9:48 of 1st period - Mike Comrie wins face-off versus Nicklas Backstrom in Avalanche zone.
11:16 of 1st period - Johnny Boychuk is hit by Alex Pietrangelo and loses puck.
11:47 of 1st period - Penalty to Andrei Kostitsyn is over, Andrei Kostitsyn is back on ice.
12:23 of 1st period - Marc Staal is hit by Patrick Kaleta and loses puck.
12:34 of 1st period - Wrist shot by Andrei Kostitsyn.
12:34 of 1st period - Stopped by Ray Emery with a rebound.
12:36 of 1st period - Slapshot by Pernell Karl Subban.
12:36 of 1st period - Shot Blocked by Logan Couture.
12:40 of 1st period - Snap shot by Paul Stastny.
12:40 of 1st period - Stopped by Ray Emery with a rebound.
12:50 of 1st period - Chris Drury is hit by B.J. Crombeen and loses puck.
13:03 of 1st period - Alex Pietrangelo is hit by Mikkel Boedker and loses puck.
13:20 of 1st period - Bryce Lampman is hit by Chris Drury and loses puck.
14:02 of 1st period - Slapshot by Tomas Plekanec.
14:02 of 1st period - Stopped by Semyon Varlamov with a rebound.
14:16 of 1st period - Mikkel Boedker is hit by Travis Zajac and loses puck.
14:28 of 1st period - Dan Boyle is hit by Milan Michalek and loses puck.
14:35 of 1st period - Travis Zajac is hit by Corey Perry and loses puck.
14:51 of 1st period - Minor Penalty to Milan Michalek for Hooking.
14:52 of 1st period - Travis Zajac wins face-off versus Paul Stastny in Blues zone.
16:45 of 1st period - Jason Pominville is hit by Jack Johnson.
16:51 of 1st period - Penalty to Milan Michalek is over, Milan Michalek is back on ice.
17:00 of 1st period - Minor Penalty to Mike Comrie for Hooking.
17:01 of 1st period - Andrew Ladd wins face-off versus Nicklas Backstrom in Avalanche zone.
17:10 of 1st period - Wrist shot by Nicklas Backstrom.
17:10 of 1st period - Shot Blocked by Marc Staal.
17:30 of 1st period - Snap shot by Jake Gardiner.
17:30 of 1st period - Goal by Jake Gardiner - Avalanche : 1 - Blues : 2.
17:31 of 1st period - Nicklas Backstrom wins face-off versus Paul Stastny in neutral zone.
17:48 of 1st period - Slapshot by David Perron.
17:48 of 1st period - Deflect By Nicklas Backstrom.
17:48 of 1st period - Stopped by Semyon Varlamov without a rebound.
17:49 of 1st period - Chris Drury wins face-off versus Travis Zajac in Avalanche zone.
17:51 of 1st period - Minor Penalty to Alexander Radulov for High sticking.
17:52 of 1st period - Nicklas Backstrom wins face-off versus Mike Comrie in Avalanche zone.
18:00 of 1st period - Wrist shot by Alex Pietrangelo.
18:00 of 1st period - Shot Misses the Net.
18:02 of 1st period - Slapshot by Jake Gardiner.
18:02 of 1st period - Shot Blocked by Mike Comrie.
18:06 of 1st period - Slapshot by Nicklas Backstrom.
18:06 of 1st period - Shot Blocked by Chuck Kobasew.
18:08 of 1st period - Slapshot by David Perron.
18:08 of 1st period - Shot Blocked by Mike Comrie.
18:18 of 1st period - Slapshot by Milan Michalek.
18:18 of 1st period - Shot Blocked by Marc Staal.
18:20 of 1st period - Snap shot by Travis Zajac.
18:20 of 1st period - Shot Blocked by Marc Staal.
18:22 of 1st period - Slapshot by Victor Hedman.
18:22 of 1st period - Blues goal is going for a video replay.
18:22 of 1st period - The goal is good.
18:22 of 1st period - Goal by Victor Hedman - Avalanche : 1 - Blues : 3.
18:23 of 1st period - Paul Stastny wins face-off versus Jason Pominville in neutral zone.
19:02 of 1st period - Off-side.
19:03 of 1st period - Nicklas Backstrom wins face-off versus Mike Comrie in neutral zone.
19:47 of 1st period - Icing by Johnny Boychuk.
19:48 of 1st period - Paul Stastny wins face-off versus Logan Couture in Avalanche zone.
Goals for this period are 1 for Avalanche vs 3 for Blues.
Shots for this period are 6 for Avalanche vs 8 for Blues.
2nd period
0:01 of 2nd period - Nicklas Backstrom wins face-off versus Paul Stastny in neutral zone.
0:09 of 2nd period - Wrist shot by David Perron.
0:09 of 2nd period - Shot Misses the Net.
0:11 of 2nd period - Backhand shot by Jason Pominville.
0:11 of 2nd period - Goal by Jason Pominville - Avalanche : 1 - Blues : 4.
0:11 of 2nd period - Hannu Toivonen enters game.
0:12 of 2nd period - Paul Stastny wins face-off versus Nicklas Backstrom in neutral zone.
0:25 of 2nd period - Wrist shot by David Perron.
0:25 of 2nd period - Deflect By Pernell Karl Subban.
0:25 of 2nd period - Stopped by Hannu Toivonen without a rebound.
0:26 of 2nd period - Nicklas Backstrom wins face-off versus Chris Drury in Avalanche zone.
0:35 of 2nd period - Slapshot by Alex Pietrangelo.
0:35 of 2nd period - Stopped by Hannu Toivonen without a rebound.
0:36 of 2nd period - Chris Drury wins face-off versus Nicklas Backstrom in Avalanche zone.
0:49 of 2nd period - Wrist shot by Alexander Radulov.
0:49 of 2nd period - Shot Blocked by Bryce Lampman.
0:51 of 2nd period - Snap shot by Alexander Radulov.
0:51 of 2nd period - Shot Misses the Net.
0:53 of 2nd period - Snap shot by Alexander Radulov.
0:53 of 2nd period - Shot Blocked by Nicklas Backstrom.
0:55 of 2nd period - Wrist shot by Alexander Radulov.
0:55 of 2nd period - Stopped by Ray Emery with a rebound.
0:57 of 2nd period - Wrist shot by Jay Bouwmeester.
0:57 of 2nd period - Shot Blocked by Nicklas Backstrom.
0:59 of 2nd period - Slapshot by Pernell Karl Subban.
0:59 of 2nd period - Shot Misses the Net.
1:07 of 2nd period - Snap shot by Chris Drury.
1:07 of 2nd period - Goal by Chris Drury - Avalanche : 2 - Blues : 4.
1:08 of 2nd period - Nicklas Backstrom wins face-off versus Paul Stastny in neutral zone.
1:08 of 2nd period - Jason Pominville is hit by Andrei Kostitsyn and loses puck.
1:17 of 2nd period - Wrist shot by Dan Boyle.
1:17 of 2nd period - Shot Misses the Net.
1:19 of 2nd period - Snap shot by Brandon Yip.
1:19 of 2nd period - Shot Blocked by Bryce Lampman.
1:35 of 2nd period - Alexander Radulov is hit by Travis Zajac and loses puck.
1:40 of 2nd period - Snap shot by Jake Gardiner.
1:40 of 2nd period - Stopped by Hannu Toivonen with a rebound.
1:42 of 2nd period - Wrist shot by B.J. Crombeen.
1:42 of 2nd period - Stopped by Hannu Toivonen without a rebound.
1:43 of 2nd period - Travis Zajac wins face-off versus Paul Stastny in Avalanche zone.
1:52 of 2nd period - Snap shot by Andrei Kostitsyn.
1:52 of 2nd period - Shot Blocked by Victor Hedman.
1:56 of 2nd period - Snap shot by Brandon Yip.
1:56 of 2nd period - Stopped by Ray Emery with a rebound.
1:58 of 2nd period - Backhand shot by Jay Bouwmeester.
1:58 of 2nd period - Stopped by Ray Emery without a rebound.
1:59 of 2nd period - Chris Drury wins face-off versus Nicklas Backstrom in Blues zone.
2:10 of 2nd period - Slapshot by Alexander Radulov.
2:10 of 2nd period - Shot Misses the Net.
2:12 of 2nd period - Wrist shot by Chris Drury.
2:12 of 2nd period - Shot Misses the Net.
2:14 of 2nd period - Wrist shot by Alexander Radulov.
2:14 of 2nd period - Shot Misses the Net.
2:33 of 2nd period - Wrist shot by Paul Stastny.
2:33 of 2nd period - Shot Misses the Net.
2:39 of 2nd period - Minor Penalty to Milan Michalek for Hooking.
2:40 of 2nd period - Travis Zajac wins face-off versus Mikkel Boedker in Blues zone.
3:13 of 2nd period - Snap shot by Alexander Radulov.
3:13 of 2nd period - Shot Misses the Net.
3:15 of 2nd period - Slapshot by Paul Stastny.
3:15 of 2nd period - Stopped by Ray Emery without a rebound.
3:16 of 2nd period - Paul Stastny wins face-off versus Travis Zajac in Blues zone.
3:39 of 2nd period - Snap shot by Paul Stastny.
3:39 of 2nd period - Shot Misses the Net.
3:41 of 2nd period - Snap shot by Jack Johnson.
3:41 of 2nd period - Stopped by Ray Emery without a rebound.
3:42 of 2nd period - Travis Zajac wins face-off versus Bryan Little in Blues zone.
4:39 of 2nd period - Penalty to Milan Michalek is over, Milan Michalek is back on ice.
5:42 of 2nd period - Slapshot by Marc Staal.
5:42 of 2nd period - Shot Blocked by Milan Michalek.
5:44 of 2nd period - Slapshot by Marc Staal.
5:44 of 2nd period - Stopped by Ray Emery with a rebound.
5:46 of 2nd period - Slapshot by Marc Staal.
5:46 of 2nd period - Deflect By Chuck Kobasew.
5:46 of 2nd period - Shot Blocked by Logan Couture.
5:46 of 2nd period - Puck is out of play.
5:47 of 2nd period - Paul Stastny wins face-off versus Tomas Plekanec in Blues zone.
6:16 of 2nd period - Snap shot by Chris Drury.
6:16 of 2nd period - Deflect By Andrew Ladd.
6:16 of 2nd period - Shot Misses the Net.
6:16 of 2nd period - Puck is out of play.
6:17 of 2nd period - Chris Drury wins face-off versus B.J. Crombeen in Blues zone.
6:24 of 2nd period - Snap shot by Alexander Radulov.
6:24 of 2nd period - Shot Misses the Net.
6:30 of 2nd period - Snap shot by David Perron.
6:30 of 2nd period - Shot Misses the Net.
6:32 of 2nd period - Wrist shot by B.J. Crombeen.
6:32 of 2nd period - Shot Misses the Net.
6:34 of 2nd period - Snap shot by Travis Zajac.
6:34 of 2nd period - Shot Misses the Net.
6:36 of 2nd period - Slapshot by Christian Ehrhoff.
6:36 of 2nd period - Shot Blocked by Alexander Radulov.
6:38 of 2nd period - Wrist shot by David Perron.
6:38 of 2nd period - Stopped by Hannu Toivonen with a rebound.
6:40 of 2nd period - Slapshot by Christian Ehrhoff.
6:40 of 2nd period - Deflect By Jack Johnson.
6:40 of 2nd period - Goal by Christian Ehrhoff - Avalanche : 2 - Blues : 5.
6:41 of 2nd period - Nicklas Backstrom wins face-off versus Paul Stastny in neutral zone.
6:53 of 2nd period - Slapshot by Nicklas Backstrom.
6:53 of 2nd period - Stopped by Hannu Toivonen with a rebound.
7:03 of 2nd period - Johnny Boychuk is hit by Bryce Lampman and loses puck.
7:13 of 2nd period - Alex Pietrangelo is hit by Johnny Boychuk and loses puck.
7:34 of 2nd period - Wrist shot by Andrei Kostitsyn.
7:34 of 2nd period - Shot Misses the Net.
7:36 of 2nd period - Wrist shot by Brandon Yip.
7:36 of 2nd period - Goal by Brandon Yip - Avalanche : 3 - Blues : 5.
7:37 of 2nd period - Bryan Little wins face-off versus Logan Couture in neutral zone.
7:43 of 2nd period - Minor Penalty to Sergei Shirokov for Hooking.
7:44 of 2nd period - Bryan Little wins face-off versus Travis Zajac in Blues zone.
7:44 of 2nd period - Snap shot by Corey Perry.
7:44 of 2nd period - Shot Blocked by Alex Pietrangelo.
7:46 of 2nd period - Wrist shot by Dan Boyle.
7:46 of 2nd period - Stopped by Ray Emery with a rebound.
7:48 of 2nd period - Wrist shot by Bryan Little.
7:48 of 2nd period - Shot Blocked by Travis Zajac.
7:50 of 2nd period - Slapshot by Dan Boyle.
7:50 of 2nd period - Goal by Dan Boyle - Avalanche : 4 - Blues : 5.
7:51 of 2nd period - Nicklas Backstrom wins face-off versus Bryan Little in neutral zone.
8:02 of 2nd period - Snap shot by David Perron.
8:02 of 2nd period - Shot Blocked by Marc Staal.
8:04 of 2nd period - Wrist shot by Jake Gardiner.
8:04 of 2nd period - Stopped by Hannu Toivonen with a rebound.
8:06 of 2nd period - Slapshot by Jake Gardiner.
8:06 of 2nd period - Shot Blocked by Jack Johnson.
8:08 of 2nd period - Wrist shot by Jason Pominville.
8:08 of 2nd period - Stopped by Hannu Toivonen with a rebound.
8:14 of 2nd period - Minor Penalty to Marc Staal for Boarding.
8:15 of 2nd period - Mike Comrie wins face-off versus Nicklas Backstrom in Avalanche zone.
8:20 of 2nd period - Snap shot by Nicklas Backstrom.
8:20 of 2nd period - Shot Misses the Net.
8:22 of 2nd period - Slapshot by Alex Pietrangelo.
8:22 of 2nd period - Shot Blocked by Johnny Boychuk.
8:24 of 2nd period - Wrist shot by Jake Gardiner.
8:24 of 2nd period - Shot Misses the Net.
8:26 of 2nd period - Slapshot by Jake Gardiner.
8:26 of 2nd period - Stopped by Hannu Toivonen without a rebound.
8:27 of 2nd period - Nicklas Backstrom wins face-off versus Mike Comrie in Avalanche zone.
8:27 of 2nd period - Alex Pietrangelo is hit by Pernell Karl Subban and loses puck.
8:54 of 2nd period - Travis Zajac is hit by Pernell Karl Subban and loses puck.
9:08 of 2nd period - Icing by B.J. Crombeen.
9:09 of 2nd period - Travis Zajac wins face-off versus Mike Comrie in Blues zone.
9:23 of 2nd period - Minor Penalty to Milan Michalek for Holding.
9:24 of 2nd period - Travis Zajac wins face-off versus Bryan Little in Blues zone.
9:25 of 2nd period - Icing by Alex Pietrangelo.
9:26 of 2nd period - Travis Zajac wins face-off versus Bryan Little in Blues zone.
9:35 of 2nd period - Bryan Little is hit by Patrick Kaleta.
10:14 of 2nd period - Penalty to Marc Staal is over, Marc Staal is back on ice.
10:16 of 2nd period - Slapshot by Marc Staal.
10:16 of 2nd period - Shot Misses the Net.
10:18 of 2nd period - Wrist shot by Marc Staal.
10:18 of 2nd period - Shot Misses the Net.
10:20 of 2nd period - Slapshot by Jack Johnson.
10:20 of 2nd period - Deflect By Marc Staal.
10:20 of 2nd period - Stopped by Ray Emery without a rebound.
10:21 of 2nd period - Alexander Radulov wins face-off versus Travis Zajac in Blues zone.
10:35 of 2nd period - Minor Penalty to Travis Zajac for Hooking.
10:36 of 2nd period - Nicklas Backstrom wins face-off versus Bryan Little in Blues zone.
10:50 of 2nd period - Slapshot by Jay Bouwmeester.
10:50 of 2nd period - Stopped by Ray Emery without a rebound.
10:51 of 2nd period - Nicklas Backstrom wins face-off versus Bryan Little in Blues zone.
11:23 of 2nd period - Penalty to Milan Michalek is over, Milan Michalek is back on ice.
12:35 of 2nd period - Penalty to Travis Zajac is over, Travis Zajac is back on ice.
12:49 of 2nd period - Mike Comrie is hit by Yann Sauvé.
13:24 of 2nd period - Icing by Jack Johnson.
13:25 of 2nd period - Travis Zajac wins face-off versus Mike Comrie in Avalanche zone.
13:59 of 2nd period - Snap shot by Paul Stastny.
13:59 of 2nd period - Shot Misses the Net.
14:20 of 2nd period - Snap shot by Andrew Ladd.
14:20 of 2nd period - Stopped by Ray Emery with a rebound.
14:22 of 2nd period - Wrist shot by Andrew Ladd.
14:22 of 2nd period - Stopped by Ray Emery with a rebound.
14:24 of 2nd period - Slapshot by Alexander Radulov.
14:24 of 2nd period - Stopped by Ray Emery with a rebound.
14:26 of 2nd period - Snap shot by Pernell Karl Subban.
14:26 of 2nd period - Stopped by Ray Emery without a rebound.
14:27 of 2nd period - Bryan Little wins face-off versus Logan Couture in Blues zone.
14:58 of 2nd period - Travis Zajac is hit by Andrei Kostitsyn and loses puck.
15:49 of 2nd period - Snap shot by Jake Gardiner.
15:49 of 2nd period - Shot Misses the Net.
15:55 of 2nd period - Johnny Boychuk is hit by Nicklas Backstrom.
16:11 of 2nd period - Snap shot by Logan Couture.
16:11 of 2nd period - Stopped by Hannu Toivonen without a rebound.
16:12 of 2nd period - Chris Drury wins face-off versus Logan Couture in Avalanche zone.
16:23 of 2nd period - Backhand shot by Alex Pietrangelo.
16:23 of 2nd period - Stopped by Hannu Toivonen without a rebound.
16:24 of 2nd period - Bryan Little wins face-off versus Nicklas Backstrom in Avalanche zone.
16:58 of 2nd period - Snap shot by Andrei Kostitsyn.
16:58 of 2nd period - Stopped by Ray Emery with a rebound.
17:20 of 2nd period - Slapshot by Alex Pietrangelo.
17:20 of 2nd period - Stopped by Hannu Toivonen with a rebound.
17:22 of 2nd period - Wrist shot by Linus Omark.
17:22 of 2nd period - Shot Blocked by Jay Bouwmeester.
17:24 of 2nd period - Snap shot by Linus Omark.
17:24 of 2nd period - Stopped by Hannu Toivonen with a rebound.
17:30 of 2nd period - Minor Penalty to Jay Bouwmeester for Cross-checking.
17:31 of 2nd period - Nicklas Backstrom wins face-off versus Mike Comrie in Avalanche zone.
17:36 of 2nd period - Snap shot by David Perron.
17:36 of 2nd period - Deflect By Jason Pominville.
17:36 of 2nd period - Stopped by Hannu Toivonen with a rebound.
17:38 of 2nd period - Slapshot by David Perron.
17:38 of 2nd period - Deflect By Marc Staal.
17:38 of 2nd period - Shot Blocked by Marc Staal.
17:38 of 2nd period - Puck is out of play.
17:39 of 2nd period - Mike Comrie wins face-off versus Nicklas Backstrom in Avalanche zone.
17:50 of 2nd period - Wrist shot by Nicklas Backstrom.
17:50 of 2nd period - Stopped by Hannu Toivonen with a rebound.
17:56 of 2nd period - Snap shot by David Perron.
17:56 of 2nd period - Goal by David Perron - Avalanche : 4 - Blues : 6.
17:57 of 2nd period - Bryan Little wins face-off versus Nicklas Backstrom in neutral zone.
18:30 of 2nd period - Snap shot by Sergei Shirokov.
18:30 of 2nd period - Shot Misses the Net.
18:32 of 2nd period - Wrist shot by Jake Gardiner.
18:32 of 2nd period - Deflect By Pernell Karl Subban.
18:32 of 2nd period - Stopped by Hannu Toivonen without a rebound.
18:33 of 2nd period - Paul Stastny wins face-off versus Nicklas Backstrom in Avalanche zone.
19:07 of 2nd period - Slapshot by Marc Staal.
19:07 of 2nd period - Stopped by Ray Emery without a rebound.
19:08 of 2nd period - Bryan Little wins face-off versus Travis Zajac in Blues zone.
19:09 of 2nd period - Wrist shot by Mikkel Boedker.
19:09 of 2nd period - Shot Misses the Net.
19:18 of 2nd period - Minor Penalty to Bryan Little for Hooking.
19:19 of 2nd period - Nicklas Backstrom wins face-off versus Mike Comrie in Avalanche zone.
Goals for this period are 3 for Avalanche vs 3 for Blues.
Shots for this period are 18 for Avalanche vs 19 for Blues.
3rd period
0:01 of 3rd period - Mike Comrie wins face-off versus Nicklas Backstrom in neutral zone.
0:06 of 3rd period - Snap shot by Pernell Karl Subban.
0:06 of 3rd period - Deflect By Alex Pietrangelo.
0:06 of 3rd period - Stopped by Ray Emery without a rebound.
0:07 of 3rd period - Nicklas Backstrom wins face-off versus Mike Comrie in Blues zone.
0:24 of 3rd period - Wrist shot by Nicklas Backstrom.
0:24 of 3rd period - Stopped by Hannu Toivonen with a rebound.
1:05 of 3rd period - Slapshot by Alex Pietrangelo.
1:05 of 3rd period - Shot Blocked by Jack Johnson.
1:07 of 3rd period - Snap shot by Alex Pietrangelo.
1:07 of 3rd period - Goal by Alex Pietrangelo - Avalanche : 4 - Blues : 7.
1:08 of 3rd period - Paul Stastny wins face-off versus Travis Zajac in neutral zone.
1:33 of 3rd period - Yann Sauvé is hit by Mikkel Boedker and loses puck.
1:45 of 3rd period - Minor Penalty to Jay Bouwmeester for Holding.
1:46 of 3rd period - Mike Comrie wins face-off versus Nicklas Backstrom in Avalanche zone.
1:46 of 3rd period - Mike Comrie is hit by David Perron.
2:22 of 3rd period - Slapshot by Alex Pietrangelo.
2:22 of 3rd period - Deflect By Pernell Karl Subban.
2:22 of 3rd period - Stopped by Hannu Toivonen with a rebound.
2:40 of 3rd period - Backhand shot by Alex Pietrangelo.
2:40 of 3rd period - Deflect By Jack Johnson.
2:40 of 3rd period - Stopped by Hannu Toivonen with a rebound.
3:45 of 3rd period - Penalty to Jay Bouwmeester is over, Jay Bouwmeester is back on ice.
4:36 of 3rd period - Slapshot by Andrew Ladd.
4:36 of 3rd period - Deflect By Chris Drury.
4:36 of 3rd period - Shot Misses the Net.
4:36 of 3rd period - Puck is out of play.
4:37 of 3rd period - Logan Couture wins face-off versus Andrew Ladd in Blues zone.
5:27 of 3rd period - Snap shot by Nicklas Backstrom.
5:27 of 3rd period - Shot Misses the Net.
5:33 of 3rd period - David Perron is hit by Corey Perry and loses puck.
6:05 of 3rd period - Off-side.
6:06 of 3rd period - Mike Comrie wins face-off versus Travis Zajac in neutral zone.
6:09 of 3rd period - Backhand shot by Jay Bouwmeester.
6:09 of 3rd period - Shot Misses the Net.
6:11 of 3rd period - Slapshot by Pernell Karl Subban.
6:11 of 3rd period - Shot Misses the Net.
8:45 of 3rd period - Jason Pominville is hit by Alexander Radulov and loses puck.
9:18 of 3rd period - Alex Pietrangelo is hit by Paul Stastny and loses puck.
9:23 of 3rd period - Snap shot by Derek Boogaard.
9:23 of 3rd period - Stopped by Hannu Toivonen without a rebound.
9:24 of 3rd period - Mikkel Boedker wins face-off versus Tomas Plekanec in Avalanche zone.
9:24 of 3rd period - Mikkel Boedker is hit by Bryce Lampman.
10:17 of 3rd period - Slapshot by Marc Staal.
10:17 of 3rd period - Stopped by Ray Emery without a rebound.
10:18 of 3rd period - Paul Stastny wins face-off versus Nicklas Backstrom in Blues zone.
10:19 of 3rd period - Snap shot by Andrei Kostitsyn.
10:19 of 3rd period - Stopped by Ray Emery with a rebound.
10:45 of 3rd period - Milan Michalek is hit by Pernell Karl Subban and loses puck.
10:50 of 3rd period - Slapshot by Mike Comrie.
10:50 of 3rd period - Shot Misses the Net.
10:52 of 3rd period - Minor Penalty to Milan Michalek for Roughing.
10:53 of 3rd period - Travis Zajac wins face-off versus Bryan Little in Blues zone.
11:18 of 3rd period - Patrick Kaleta is hit by Jay Bouwmeester and loses puck.
11:50 of 3rd period - Off-side.
11:51 of 3rd period - Logan Couture wins face-off versus Bryan Little in neutral zone.
12:52 of 3rd period - Penalty to Milan Michalek is over, Milan Michalek is back on ice.
13:05 of 3rd period - Snap shot by Chuck Kobasew.
13:05 of 3rd period - Shot Misses the Net.
13:07 of 3rd period - Slapshot by Mike Comrie.
13:07 of 3rd period - Shot Blocked by Jake Gardiner.
13:17 of 3rd period - Slapshot by Yann Sauvé.
13:17 of 3rd period - Shot Misses the Net.
13:19 of 3rd period - Snap shot by Jason Pominville.
13:19 of 3rd period - Shot Misses the Net.
13:21 of 3rd period - Slapshot by Yann Sauvé.
13:21 of 3rd period - Stopped by Hannu Toivonen without a rebound.
13:22 of 3rd period - Nicklas Backstrom wins face-off versus Paul Stastny in Avalanche zone.
13:23 of 3rd period - Wrist shot by Jason Pominville.
13:23 of 3rd period - Deflect By Nicklas Backstrom.
13:23 of 3rd period - Stopped by Hannu Toivonen without a rebound.
13:24 of 3rd period - Nicklas Backstrom wins face-off versus Paul Stastny in Avalanche zone.
14:51 of 3rd period - Christian Ehrhoff is hit by Paul Stastny and loses puck.
15:04 of 3rd period - Wrist shot by Jason Pominville.
15:04 of 3rd period - Shot Blocked by Jack Johnson.
15:06 of 3rd period - Snap shot by David Perron.
15:06 of 3rd period - Stopped by Hannu Toivonen with a rebound.
15:08 of 3rd period - Slapshot by Yann Sauvé.
15:08 of 3rd period - Shot Misses the Net.
15:10 of 3rd period - Snap shot by David Perron.
15:10 of 3rd period - Stopped by Hannu Toivonen with a rebound.
15:12 of 3rd period - Slapshot by Nicklas Backstrom.
15:12 of 3rd period - Shot Misses the Net.
15:14 of 3rd period - Wrist shot by Christian Ehrhoff.
15:14 of 3rd period - Stopped by Hannu Toivonen without a rebound.
15:15 of 3rd period - Chris Drury wins face-off versus Travis Zajac in Avalanche zone.
15:15 of 3rd period - Chris Drury is hit by Travis Zajac.
15:21 of 3rd period - Bryce Lampman is hit by Johnny Boychuk and loses puck.
15:30 of 3rd period - Slapshot by Alex Pietrangelo.
15:30 of 3rd period - Stopped by Hannu Toivonen without a rebound.
15:31 of 3rd period - Logan Couture wins face-off versus Bryan Little in Avalanche zone.
15:58 of 3rd period - Pernell Karl Subban is hit by Patrick Kaleta and loses puck.
16:51 of 3rd period - Snap shot by Mikkel Boedker.
16:51 of 3rd period - Deflect By Corey Perry.
16:51 of 3rd period - Deflect By B.J. Crombeen.
16:51 of 3rd period - Shot Misses the Net.
16:51 of 3rd period - Puck is out of play.
16:52 of 3rd period - Logan Couture wins face-off versus Chris Drury in Blues zone.
16:57 of 3rd period - Snap shot by Alexander Radulov.
16:57 of 3rd period - Stopped by Ray Emery without a rebound.
16:58 of 3rd period - Chris Drury wins face-off versus Logan Couture in Blues zone.
17:01 of 3rd period - Slapshot by Chris Drury.
17:01 of 3rd period - Stopped by Ray Emery without a rebound.
17:02 of 3rd period - Chris Drury wins face-off versus Logan Couture in Blues zone.
17:03 of 3rd period - Wrist shot by Andrew Ladd.
17:03 of 3rd period - Shot Blocked by Christian Ehrhoff.
17:11 of 3rd period - Snap shot by Alexander Radulov.
17:11 of 3rd period - Stopped by Ray Emery with a rebound.
17:13 of 3rd period - Slapshot by Dan Boyle.
17:13 of 3rd period - Stopped by Ray Emery without a rebound.
17:14 of 3rd period - Nicklas Backstrom wins face-off versus Chris Drury in Blues zone.
17:25 of 3rd period - Slapshot by Alex Pietrangelo.
17:25 of 3rd period - Shot Blocked by Johnny Boychuk.
17:27 of 3rd period - Slapshot by Bryce Lampman.
17:27 of 3rd period - Shot Misses the Net.
17:29 of 3rd period - Wrist shot by Jason Pominville.
17:29 of 3rd period - Stopped by Hannu Toivonen without a rebound.
17:30 of 3rd period - Bryan Little wins face-off versus Travis Zajac in Avalanche zone.
17:57 of 3rd period - Bryce Lampman is hit by Dan Boyle and loses puck.
18:11 of 3rd period - Icing by Johnny Boychuk.
18:12 of 3rd period - Paul Stastny wins face-off versus Logan Couture in Avalanche zone.
18:23 of 3rd period - Wrist shot by Andrei Kostitsyn.
18:23 of 3rd period - Shot Blocked by Logan Couture.
18:25 of 3rd period - Snap shot by Johnny Boychuk.
18:25 of 3rd period - Deflect By Jake Gardiner.
18:25 of 3rd period - Stopped by Ray Emery without a rebound.
18:26 of 3rd period - Chris Drury wins face-off versus Nicklas Backstrom in Blues zone.
19:20 of 3rd period - Snap shot by Logan Couture.
19:20 of 3rd period - Stopped by Hannu Toivonen with a rebound.
19:32 of 3rd period - Slapshot by Jack Johnson.
19:32 of 3rd period - Stopped by Ray Emery with a rebound.
19:52 of 3rd period - Slapshot by Nicklas Backstrom.
19:52 of 3rd period - Shot Blocked by Marc Staal.
19:54 of 3rd period - Snap shot by Jason Pominville.
19:54 of 3rd period - Shot Blocked by Mike Comrie.
Goals for this period are 0 for Avalanche vs 1 for Blues.
Shots for this period are 9 for Avalanche vs 13 for Blues.
Back to the Top